[Event "Team 45 45 League T85"]
[Site "Internet Chess Club"]
[Date "2020.08.08"]
[Round "6"]
[White "oldprez1"]
[Black "g8wrb"]
[Result "1-0"]
[WhiteElo "1294"]
[BlackElo "1267"]
[Opening "French: Swiss variation"]
[ECO "C11"]
[Time "11:01:51"]
[TimeControl "2700+45"]

1. e4 e6 2. d4 d5 3. Nc3 Nf6 4. Bd3 a6 5. Bg5 Be7 6. e5 Nfd7 7. Bxe7 Qxe7 8. Nf3
c5 9. dxc5 Nxc5 10. O-O Nc6 11. a3 O-O 12. b4 Nxd3 13. Qxd3 f6 14. exf6 Qxf6 15.
Ne2 Bd7 16. c4 Ne5 17. Nxe5 Qxe5 18. Rfe1 Qf5 19. Qxf5 Rxf5 20. cxd5 Rxd5 21.
Nf4 Rd6 22. Rad1 Rxd1 23. Rxd1 Bc8 24. Re1 Kf7 25. Nd3 b6 26. Ne5+ Kf6 27. f4
Ra7 28. Rc1 Bd7 29. Kf2 g5 30. Ke3 gxf4+ 31. Kxf4 Bb5 32. Ng4+ Kg6 33. Ke5 Be2
34. Nf6 Rf7 35. Ne4 Bg4 36. h3 Rf5+ 37. Kd6 Rd5+ 38. Kc7 Bf5 39. Nd6 e5 40. Nxf5
Kxf5 41. Kxb6 Rd6+ 42. Kc5 Rg6 43. g4+ Kf4 44. Kd5 Kg3 45. Kxe5 Kxh3 46. Rh1+
Kxg4 47. Rxh7 Kf3 48. Rh3+ Ke2 49. Kd5 Kd2 50. Kc5 Kc2 51. a4 Rg5+ 52. Kb6 Rg6+
53. Ka5 Kb2 54. b5 axb5 55. axb5 Rg5 56. Ka6 Rg1 57. b6 Ra1+ 58. Kb7 Ra4 59. Kb8
Rb4 60. b7 Kc2 61. Rh7 Kb3 62. Kc8 Rc4+ 63. Rc7 Rb4 64. b8=Q Rxb8+ 65. Kxb8 Kb4
66. Kb7 Kb5 67. Rc6 Kb4 68. Kc7 Kb5 69. Kd6 Kb4 70. Rc1 Kb5 71. Rc2 Kb4 72. Kd5
Kb3 73. Rc7 Kb4 74. Rc8 Kb3 75. Kd4 Kb2 76. Kd3 Kb3 77. Rb8+ Ka4 78. Kc4 Ka5 79.
Rb2 Ka6 80. Kc5 Ka7 81. Kc6 Ka8 82. Kc7 {Black resigns} 1-0

[Event "Team 45 45 League T85"]
[Site "Internet Chess Club"]
[Date "2020.08.10"]
[Round "6"]
[White "seattleblues"]
[Black "OGO"]
[Result "0-1"]
[WhiteElo "1223"]
[BlackElo "1197"]
[Opening "Queen's pawn game"]
[ECO "E20"]
[Time "21:05:13"]
[TimeControl "2700+45"]

1. d4 Nf6 2. c4 e6 3. Nc3 g6 4. Bf4 Bg7 5. e3 O-O 6. Nf3 d6 7. Be2 Nbd7 8. O-O
b6 9. h3 Bb7 10. Qc2 Rc8 11. Rad1 d5 12. Qb3 c5 13. Nb5 cxd4 14. exd4 Ne4 15.
Nd2 a6 16. Nxe4 axb5 17. Nd6 bxc4 18. Nxb7 cxb3 19. Nxd8 Rfxd8 20. a3 Rc2 21.
Rd2 Rxd2 22. Bxd2 Bxd4 23. Rb1 Rc8 24. Bb5 Ne5 25. Ba4 Nd3 26. Be3 Bxe3 27. fxe3
Nc5 28. Bb5 Kf8 29. Rc1 Ke7 30. Ba6 Rc7 31. Bb5 Kd6 32. Bf1 Na4 33. Bb5 Rxc1+
{White resigns} 0-1

[Event "Team 45 45 League T85"]
[Site "Internet Chess Club"]
[Date "2020.08.10"]
[Round "6"]
[White "kingsrook"]
[Black "Visin"]
[Result "1-0"]
[WhiteElo "1190"]
[BlackElo "1212"]
[Opening "QGD Slav defense"]
[ECO "D10"]
[Time "14:02:32"]
[TimeControl "2700+45"]

1. d4 d5 2. c4 c6 3. Nc3 Nf6 4. cxd5 Nxd5 5. e4 Nb6 6. Nf3 Bg4 7. h3 Bh5 8. g4
Bg6 9. Nh4 e6 10. Nxg6 hxg6 11. Be3 Bd6 12. Qc2 N8d7 13. O-O-O Qc7 14. Qd2 Nf6
15. e5 Bb4 16. exf6 gxf6 17. a3 Bd6 18. Kb1 O-O-O 19. Be2 g5 20. Ne4 Be7 21. Rc1
Kb8 22. f4 Qd7 23. fxg5 fxg5 24. Bxg5 Bxg5 25. Qxg5 Qxd4 26. Qf4+ Ka8 27. Rhd1
Qg7 28. Rxd8+ Rxd8 29. Qg5 Qf8 30. Rd1 Rxd1+ 31. Bxd1 Nd5 32. h4 Qh8 33. h5 Qh7
34. Qd8# {Black checkmated} 1-0

[Event "Team 45 45 League T85"]
[Site "Internet Chess Club"]
[Date "2020.08.08"]
[Round "6"]
[White "kabindra"]
[Black "ascoli"]
[Result "0-1"]
[WhiteElo "1649"]
[BlackElo "1612"]
[Opening "French: advance, Milner-Barry gambit"]
[ECO "C02"]
[Time "15:00:20"]
[TimeControl "2700+45"]

1. e4 e6 2. d4 d5 3. e5 c5 4. c3 Nc6 5. Nf3 Qb6 6. Bd3 cxd4 7. cxd4 Bd7 8. O-O
Nxd4 9. Nbd2 Nxf3+ 10. Nxf3 h6 11. b4 Ne7 12. Be3 Qd8 13. Bc5 b6 14. Bd6 Nf5 15.
Bxf8 Kxf8 16. a4 a6 17. Bxf5 exf5 18. Qxd5 Be6 19. Qc6 Rc8 20. Rad1 Qxd1 21.
Qxc8+ Bxc8 22. Rxd1 Ke7 23. Nd4 Bd7 24. a5 bxa5 25. bxa5 Rc8 26. f4 Rc5 27. Ra1
Rc4 28. Ne2 Re4 29. Ra2 Bb5 30. Nc3 Re1+ 31. Kf2 Rf1+ 32. Kg3 Bc4 33. Ra4 Be6
34. Rd4 Ra1 35. Nd5+ Kf8 36. Nc7 Rxa5 37. Rd6 Ra3+ 38. Kf2 Bc4 39. Rc6 Ra2+ 40.
Kg1 Bb5 41. Rb6 Ra4 42. g3 Ra1+ 43. Kf2 Bd3 44. Ke3 Ra3 45. Kf2 a5 46. Nd5 g6
47. e6 fxe6 48. Rxe6 Bc4 49. Rd6 Bxd5 50. Rxd5 Ra2+ 51. Kg1 a4 52. Rd8+ Ke7 53.
Ra8 a3 54. Ra6 Ra1+ 55. Kg2 a2 56. h4 Kd7 57. Rxg6 Rg1+ 58. Kxg1 a1=Q+ 59. Kg2
Qb2+ 60. Kh3 h5 61. Rg5 Qb1 62. Kg2 Qc2+ 63. Kg1 Qd1+ 64. Kf2 Ke6 65. Ke3 Qe1+
66. Kd3 Qe4+ 67. Kd2 Kd5 68. Kc3 Qc4+ 69. Kd2 Kd4 70. Rxh5 Qc3+ 71. Ke2 Qc2+ 72.
Ke1 Ke3 {White resigns} 0-1

[Event "Team 45 45 League T85"]
[Site "Internet Chess Club"]
[Date "2020.08.11"]
[Round "6"]
[White "dabodhi"]
[Black "Conjurer"]
[Result "1-0"]
[WhiteElo "1326"]
[BlackElo "1165"]
[Opening "Sicilian: Nimzovich-Rossolimo attack (without ...d6)"]
[ECO "B30"]
[Time "13:01:56"]
[TimeControl "2700+45"]

1. e4 c5 2. Nf3 Nc6 3. Bb5 Qc7 4. O-O Nf6 5. Re1 e6 6. Nc3 a6 7. Bxc6 Qxc6 8. d4
Be7 9. d5 exd5 10. exd5 Qd6 11. g3 c4 12. Bf4 Qb4 13. d6 O-O 14. dxe7 Re8 15.
Nd5 Nxd5 16. Qxd5 Rxe7 17. Bd6 Rxe1+ 18. Rxe1 {Black resigns} 1-0

[Event "Team 45 45 League T85"]
[Site "Internet Chess Club"]
[Date "2020.08.08"]
[Round "6"]
[White "kabubi"]
[Black "Just-Jim"]
[Result "1/2-1/2"]
[WhiteElo "1136"]
[BlackElo "1206"]
[Opening "Two knights defense"]
[ECO "C55"]
[Time "12:15:17"]
[TimeControl "2700+45"]

1. e4 Nc6 2. Nf3 e5 3. Bc4 Nf6 4. O-O a6 5. d4 Nxe4 6. Bd5 Nf6 7. Bxc6 bxc6 8.
Nxe5 Bd6 9. Re1 O-O 10. Bg5 h6 11. Bh4 a5 12. Nc3 g5 13. Bg3 Bb4 14. Qd3 Ba6 15.
Qf3 Bxc3 16. Qxc3 Bb5 17. f4 Nd5 18. Qf3 Nb4 19. Qf2 f6 20. c3 fxe5 21. cxb4
exf4 22. Qc2 fxg3 23. Qg6+ Kh8 24. Qxh6+ Kg8 25. Qg6+ Kh8 26. Qh6+ Kg8 27. Qg6+
Kh8 28. Qh6+ Kg8 29. Qg6+ {Game drawn by repetition} 1/2-1/2

[Event "Team 45 45 League T85"]
[Site "Internet Chess Club"]
[Date "2020.08.11"]
[Round "6"]
[White "rhayder"]
[Black "WzeroMN"]
[Result "1-0"]
[WhiteElo "1176"]
[BlackElo "1068"]
[Opening "Ruy Lopez: Berlin defense, open variation"]
[ECO "C67"]
[Time "17:06:57"]
[TimeControl "2700+45"]

1. e4 e5 2. Nf3 Nc6 3. Bb5 Nf6 4. O-O Nxe4 5. Bxc6 dxc6 6. Nxe5 Bd6 7. Nc4 O-O
8. d3 Nf6 9. Bg5 h6 10. Be3 b5 11. Na5 Bd7 12. Nc3 Bb4 13. Nb3 a5 14. Qd2 Nd5
15. Bc5 Bxc5 16. Nxc5 b4 17. N3e4 Bf5 18. Ng3 Bg6 19. a3 Qg5 20. Qxg5 hxg5 21.
Rfe1 bxa3 22. Rxa3 Nb4 23. Re2 Nd5 24. Nd7 Rfe8 25. Ne5 Re6 26. Nc4 Rae8 27. Kf1
Rxe2 28. Nxe2 Nf4 29. Nxf4 gxf4 30. Rxa5 f6 31. Rc5 Re6 32. Nd2 Be8 33. Rf5 Bd7
34. Rxf4 g5 35. Re4 Rxe4 36. Nxe4 Kf7 37. Nc5 Be8 38. Na6 Kg7 39. Nxc7 Bh5 40.
b4 f5 41. b5 cxb5 42. Nxb5 Be8 43. Nd6 Bd7 44. Ke2 f4 45. Kf3 Bc6+ 46. Kg4 Bxg2
47. Kxg5 Bd5 48. Kxf4 Kf6 49. c4 Bg2 50. c5 Bh1 51. d4 Bg2 52. Ne4+ Ke7 53. d5
Bh3 54. d6+ Kd7 55. Kg3 Be6 56. h3 Bf5 57. Nf6+ Kd8 58. h4 Bd7 59. h5 Kc8 60. h6
Bf5 61. h7 Bd7 62. h8=Q+ Kb7 63. Nxd7 Kc6 64. Ne5+ Kxc5 65. Qc8+ Kb6 66. Nc4+
Ka7 67. Qc7+ {Black resigns} 1-0

[Event "Team 45 45 League T85"]
[Site "Internet Chess Club"]
[Date "2020.08.08"]
[Round "6"]
[White "Portola"]
[Black "rookmaster23"]
[Result "1-0"]
[WhiteElo "1700"]
[BlackElo "1653"]
[Opening "Torre attack (Tartakower variation)"]
[ECO "D03"]
[Time "17:00:15"]
[TimeControl "2700+45"]

1. d4 Nf6 2. Nf3 d5 3. Bg5 e6 4. c3 c5 5. e3 Nbd7 6. Nbd2 Be7 7. Bd3 b6 8. Qe2
Bb7 9. O-O O-O 10. Rfe1 Ne4 11. Bf4 Ndf6 12. Ne5 cxd4 13. exd4 Nxd2 14. Bxd2 Qc7
15. Bf4 Bd6 16. Bg3 Nd7 17. Nxd7 Qxd7 18. Be5 Bxe5 19. Qxe5 Rac8 20. Re3 Qc7 21.
Qh5 h6 22. Rg3 Qf4 23. h3 Rce8 24. Re1 Kh8 25. Ree3 g6 26. Qe2 Re7 27. Ref3 Qb8
28. Qe3 Kg7 29. Qd2 e5 30. dxe5 Rxe5 31. Re3 Rfe8 32. Rxe5 Qxe5 33. Qc2 Re6 34.
Re3 Qg5 35. Rxe6 fxe6 36. Bf1 e5 37. Qa4 Qd8 38. Qxa7 Qa8 39. Qxb6 Bc6 40. Qc7+
Kf6 41. Qd6+ {Black resigns} 1-0

[Event "Team 45 45 League T85"]
[Site "Internet Chess Club"]
[Date "2020.08.07"]
[Round "6"]
[White "cap78red"]
[Black "clarinetref"]
[Result "1/2-1/2"]
[WhiteElo "1504"]
[BlackElo "1453"]
[Opening "English: symmetrical variation"]
[ECO "A34"]
[Time "16:00:24"]
[TimeControl "2700+45"]

1. c4 c5 2. Nc3 g6 3. e4 Bg7 4. f4 Nc6 5. Nf3 d6 6. Be2 Bg4 7. d3 e6 8. Ne5 Nxe5
9. Bxg4 Nxg4 10. Qxg4 Ne7 11. O-O f5 12. exf5 exf5 13. Qh4 O-O 14. Rf3 a6 15.
Rh3 h5 16. Be3 Bf6 17. Qg3 Kh7 18. Rd1 Qe8 19. d4 cxd4 20. Bxd4 Qf7 21. b3 Qg7
22. Qd3 Rad8 23. g4 fxg4 24. Rxh5+ Kg8 25. Rg5 Bxd4+ 26. Qxd4 Qxd4+ 27. Rxd4 Kh7
28. Rxg4 Nf5 29. Rd2 Rfe8 30. Re2 Rxe2 31. Nxe2 d5 32. cxd5 Rxd5 33. Kf2 Rd2 34.
Rg1 Rxa2 35. Rd1 Kh6 36. h4 Nxh4 37. Rh1 Kh5 38. Kg3 g5 39. fxg5 Kxg5 40. Rxh4
Rxe2 41. Rb4 b5 42. Kf3 Rc2 43. Ke4 Rh2 44. Kd5 Rh6 45. Re4 Kf5 46. Re5+ Kf4 47.
Re8 a5 48. Rb8 a4 49. bxa4 bxa4 50. Rb4+ Ke3 51. Rxa4 Rh5+ {Game drawn by mutual
agreement} 1/2-1/2

[Event "Team 45 45 League T85"]
[Site "Internet Chess Club"]
[Date "2020.08.07"]
[Round "6"]
[White "sdcohle"]
[Black "nosir"]
[Result "1-0"]
[WhiteElo "1355"]
[BlackElo "1430"]
[Opening "Robatsch (modern) defense"]
[ECO "B06"]
[Time "17:07:34"]
[TimeControl "2700+45"]

1. e4 g6 2. d4 Bg7 3. Nf3 c6 4. g3 d5 5. Nc3 dxe4 6. Nxe4 Nd7 7. Bg2 Ngf6 8.
Nxf6+ Nxf6 9. O-O O-O 10. h3 Bd7 11. Re1 Re8 12. c3 Nd5 13. Ne5 Bf5 14. Qf3 Nb6
15. b3 Be6 16. Bb2 Bd5 17. Qe3 Bxg2 18. Kxg2 Nd5 19. Qf3 Nf6 20. Rad1 Qd5 21.
Re3 Bh6 22. Red3 e6 23. g4 Bf4 24. c4 Qxf3+ 25. Kxf3 g5 26. Kg2 Red8 27. Ba3 Nd7
28. Nxd7 Rxd7 29. Bb2 Rad8 30. Kf3 Be5 31. Ke4 Bc7 32. d5 exd5+ 33. cxd5 cxd5+
34. Rxd5 Re7+ 35. Kf3 Rxd5 36. Rxd5 h6 37. h4 gxh4 38. Bf6 Re8 39. Bxh4 Re5 40.
Rxe5 Bxe5 41. Ke4 Bg7 42. Kf5 Kf8 43. Bf6 Bxf6 44. Kxf6 Kg8 45. a4 a5 46. f4 b6
47. Ke7 Kg7 48. f5 f6 49. Kd7 h5 50. gxh5 Kh6 51. Kc6 Kxh5 52. Kxb6 Kg5 53. Kxa5
Kxf5 54. b4 Ke6 55. b5 f5 56. b6 Kd7 57. Ka6 Kc8 58. Ka7 Kd8 59. b7 f4 60. b8=Q+
Kd7 61. Qxf4 {Black resigns} 1-0

[Event "Team 45 45 League T85"]
[Site "Internet Chess Club"]
[Date "2020.08.10"]
[Round "6"]
[White "zugknightly"]
[Black "julesraider"]
[Result "0-1"]
[WhiteElo "1678"]
[BlackElo "1634"]
[Opening "English opening"]
[ECO "A20"]
[Time "19:04:03"]
[TimeControl "2700+45"]

1. c4 e5 2. g3 Nc6 3. Bg2 f5 4. Nc3 Nf6 5. d3 Bb4 6. Bd2 O-O 7. Nf3 d6 8. O-O
Be6 9. Ng5 Bd7 10. Nd5 Bxd2 11. Qxd2 h6 12. Nxf6+ Qxf6 13. Bd5+ Kh8 14. Nh3 f4
15. Bg2 f3 16. exf3 Bxh3 17. Bxh3 Nd4 18. Bg2 Nxf3+ 19. Bxf3 Qxf3 20. Qe3 Qc6
21. b4 Qa4 22. b5 Rae8 23. Qe4 b6 24. Rae1 a6 25. Qb7 Re7 26. bxa6 Rfe8 27. f4
Qa5 28. Re4 Qc5+ 29. Kg2 c6 30. d4 Qxc4 31. Qxb6 Qc2+ 32. Kf3 Qd3+ 33. Re3 Qxf1+
34. Kg4 Qd1+ 35. Kh3 Qf1+ 36. Kg4 h5+ 37. Kh4 Qf2 38. dxe5 Qxh2+ 39. Kg5 Qh3
{White resigns} 0-1

[Event "Team 45 45 League T85"]
[Site "Internet Chess Club"]
[Date "2020.08.07"]
[Round "6"]
[White "Andressa"]
[Black "scostanzo212"]
[Result "1/2-1/2"]
[WhiteElo "1375"]
[BlackElo "1597"]
[Opening "Sicilian"]
[ECO "B50"]
[Time "16:09:01"]
[TimeControl "2700+45"]

1. e4 c5 2. Nf3 d6 3. Nc3 Nf6 4. d3 Nc6 5. Be2 a6 6. a3 b5 7. O-O g6 8. Re1 Bg7
9. Rb1 O-O 10. Bf4 Nd7 11. Bf1 Bb7 12. h3 Re8 13. Qd2 Nde5 14. Nxe5 Nxe5 15. Bh6
Bh8 16. f4 Nd7 17. f5 Ne5 18. fxg6 hxg6 19. b4 cxb4 20. axb4 Rc8 21. Nd5 e6 22.
Ne3 Qb6 23. Kh2 Rc7 24. Ng4 Nxg4+ 25. hxg4 Bc3 26. Be3 Qc6 27. Qf2 Bxe1 28. Rxe1
Qxc2 29. Qf6 Qc3 30. Bd4 Qxd4 31. Qxd4 e5 32. Qxd6 Rce7 33. Rc1 Re6 34. Qd7 R6e7
35. Qd6 Re6 36. Qc5 Kg7 37. Be2 Rh8+ 38. Kg1 Rhe8 39. Rf1 Rc6 40. Qf2 Re7 41. g5
Rec7 42. d4 exd4 43. Qxd4+ Kg8 44. Qd8+ Kg7 45. Qd4+ Kg8 46. Kh2 Rc2 47. Bd3
R2c6 48. Qd8+ Kg7 49. Qd4+ Kg8 50. Qd8+ Kg7 51. Qd4+ Kg8 {Game drawn by
repetition} 1/2-1/2

[Event "Team 45 45 League T85"]
[Site "Internet Chess Club"]
[Date "2020.08.11"]
[Round "6"]
[White "Kingofknights"]
[Black "olivermx"]
[Result "1-0"]
[WhiteElo "1545"]
[BlackElo "1350"]
[Opening "Queen's gambit accepted"]
[ECO "D20"]
[Time "09:00:59"]
[TimeControl "2700+45"]

1. d4 d5 2. c4 dxc4 3. Nc3 e6 4. e4 Nf6 5. Bg5 Be7 6. Nf3 b6 7. Bxc4 Bb7 8. Bb5+
Nbd7 9. Ne5 a6 10. Nc6 Bxc6 11. Bxc6 Ra7 12. Bxf6 Bxf6 13. e5 Be7 14. Qa4 f6 15.
O-O-O Rf8 16. Rhe1 Rf7 17. Kb1 Qc8 18. d5 exd5 19. Rxd5 Bc5 20. e6 {Black
resigns} 1-0

[Event "Team 45 45 League T85"]
[Site "Internet Chess Club"]
[Date "2020.08.07"]
[Round "6"]
[White "Andaluz"]
[Black "tightfist"]
[Result "0-1"]
[WhiteElo "1341"]
[BlackElo "1455"]
[Opening "French: exchange variation"]
[ECO "C01"]
[Time "14:02:00"]
[TimeControl "2700+45"]

1. e4 e6 2. d4 d5 3. exd5 exd5 4. Nf3 Nf6 5. Bd3 Be7 6. Nc3 O-O 7. O-O Bg4 8. h3
Bh5 9. Bf4 c6 10. Bf5 Nbd7 11. g4 Bg6 12. Bh6 {White resigns} 0-1

[Event "Team 45 45 League T85"]
[Site "Internet Chess Club"]
[Date "2020.08.08"]
[Round "6"]
[White "stanbeers"]
[Black "Chess4Him"]
[Result "0-1"]
[WhiteElo "1410"]
[BlackElo "1473"]
[Opening "Queen's pawn, Mason variation"]
[ECO "D00"]
[Time "20:00:32"]
[TimeControl "2700+45"]

1. d4 d5 2. Bf4 Nf6 3. e3 a6 4. c3 Bg4 5. Qb3 Qc8 6. Nd2 e6 7. h3 Bf5 8. Ngf3 c5
9. Be2 c4 10. Qa4+ b5 11. Qd1 Nbd7 12. Ne5 Be7 13. Ndf3 h6 14. Nxd7 Nxd7 15. Ne5
O-O 16. O-O Bf6 17. Bg4 Bh7 18. Bf3 Nxe5 19. Bxe5 Bxe5 20. dxe5 Qc7 21. Qd4 a5
22. Rfe1 Rfd8 23. Rac1 b4 24. Qf4 Rab8 25. Qd4 bxc3 26. Qxc3 Rb5 27. Bd1 Rdb8
28. b3 Rc5 29. Qd4 c3 30. Bc2 Rb4 31. Bxh7+ Kxh7 32. Qd3+ Kg8 33. Rc2 Qxe5 34.
Qa6 d4 35. Qa8+ Kh7 36. Qa6 Qe4 37. Rec1 e5 38. Qa7 Qd5 39. Qa6 Rbb5 40. exd4
exd4 41. Kh1 Rc6 42. Qa7 Rbc5 43. Qa8 Qf5 44. f3 d3 45. Rf2 Qf4 46. Re1 c2 47.
Qd8 Rd6 48. Qa8 c1=Q 49. Rff1 Qxe1 50. Rxe1 d2 51. Rf1 Rc1 52. Kg1 Rxf1+ 53.
Kxf1 d1=Q+ 54. Kf2 Rd2# {White checkmated} 0-1

[Event "Team 45 45 League T85"]
[Site "Internet Chess Club"]
[Date "2020.08.09"]
[Round "6"]
[White "BrerRabbit"]
[Black "xingon"]
[Result "0-1"]
[WhiteElo "1380"]
[BlackElo "1403"]
[Opening "King's Indian: fianchetto without c4"]
[ECO "A49"]
[Time "14:02:16"]
[TimeControl "2700+45"]

1. d4 Nf6 2. Nf3 g6 3. g3 Bg7 4. Bg2 O-O 5. O-O d6 6. b3 c5 7. Bb2 cxd4 8. Nxd4
e5 9. Nb5 Qb6 10. N5c3 Rd8 11. e4 Bg4 12. Bf3 Bxf3 13. Qxf3 Nc6 14. Qd1 Qc7 15.
Re1 a6 16. Nd5 Nxd5 17. exd5 Ne7 18. c4 b5 19. Na3 bxc4 20. Nxc4 Qc5 21. Ba3
Qxd5 22. Qxd5 Nxd5 23. Bxd6 e4 24. Be5 Bxe5 25. Nxe5 f5 26. Rac1 Nb4 27. Re2 Rd5
28. Nc6 Nxc6 29. Rxc6 a5 30. Rec2 Rad8 31. Rc8 Kg7 32. Rxd8 Rxd8 33. Kf1 Rd1+
34. Ke2 Ra1 35. Kd2 Kh6 36. Kc3 Rd1 37. Kc4 Kg5 38. h3 f4 39. Kb5 fxg3 40. fxg3
Rd5+ 41. Kc4 Rd1 42. Kb5 Kf5 43. Rc5+ Ke6 44. Rc6+ Rd6 45. Rc3 Rd3 46. Rc4 Rd5+
47. Ka4 e3 48. Re4+ Re5 49. Rc4 e2 50. Rc1 e1=Q 51. Rxe1 Rxe1 52. Kxa5 Re5+ 53.
Ka4 Kd6 54. b4 Kc7 55. b5 Kb6 {White resigns} 0-1

[Event "Team 45 45 League T85"]
[Site "Internet Chess Club"]
[Date "2020.08.10"]
[Round "6"]
[White "rawtoureux"]
[Black "Ostap-Bender"]
[Result "1-0"]
[WhiteElo "1335"]
[BlackElo "1260"]
[Opening "Trompowsky attack (Ruth, Opocenský opening)"]
[ECO "A45"]
[Time "15:31:04"]
[TimeControl "2700+45"]

1. d4 Nf6 2. Bg5 d5 3. Bxf6 exf6 4. e3 c5 5. c3 Qb6 6. Qb3 Qxb3 7. axb3 Nc6 8.
Nf3 Bd6 9. Nbd2 O-O 10. Bd3 Bg4 11. h3 Bd7 12. dxc5 Bxc5 13. b4 Bd6 14. Bb5 a6
15. Bxc6 Bxc6 16. Nd4 Bd7 17. c4 dxc4 18. Nxc4 Bxb4+ 19. Ke2 Bc5 20. Rhd1 Rfd8
21. Nb3 Ba7 22. Nd6 Be6 23. Na5 b5 24. Nc6 Rd7 25. Rxa6 Kf8 26. b4 Bc4+ 27. Nxc4
Rxd1 28. Kxd1 bxc4 29. Nxa7 Rd8+ 30. Kc2 Rd3 31. Rc6 Rd7 32. Rc8+ Ke7 33. Nc6+
Kd6 34. b5 Rb7 35. Nd4 Kd5 36. Rg8 g6 37. Rd8+ Kc5 38. Kc3 {Black resigns} 1-0

[Event "Team 45 45 League T85"]
[Site "Internet Chess Club"]
[Date "2020.08.05"]
[Round "6"]
[White "tasawyer81"]
[Black "chessnutdale"]
[Result "0-1"]
[WhiteElo "1154"]
[BlackElo "1405"]
[Opening "QGD: Semi-Tarrasch, 5.cd"]
[ECO "D41"]
[Time "11:00:10"]
[TimeControl "2700+45"]

1. d4 Nf6 2. c4 e6 3. Nc3 d5 4. Nf3 c5 5. cxd5 cxd4 6. Nxd4 exd5 7. Bf4 Bc5 8.
e3 O-O 9. Be2 Nc6 10. O-O a6 11. Bf3 Ne7 12. Qb3 b5 13. Rad1 Bg4 14. Bxg4 Nxg4
15. h3 Nf6 16. Bg5 Qd6 17. Bf4 Qd7 18. Be5 Ne8 19. e4 Nd6 20. exd5 Nc4 21. Nc6
Nxc6 22. dxc6 Qxc6 23. Rfe1 Nxe5 24. Rxe5 Rad8 25. Rxd8 Rxd8 26. Ne4 Bd4 27. Qg3
Bxe5 28. Qxe5 Re8 29. Qf4 {White resigns} 0-1

[Event "Team 45 45 League T85"]
[Site "Internet Chess Club"]
[Date "2020.08.09"]
[Round "6"]
[White "isolani"]
[Black "Gojira"]
[Result "1-0"]
[WhiteElo "1307"]
[BlackElo "1549"]
[Opening "QGD Slav: Dutch variation"]
[ECO "D18"]
[Time "08:01:07"]
[TimeControl "2700+45"]

1. d4 d5 2. Nf3 Nf6 3. c4 c6 4. Nc3 dxc4 5. a4 Bf5 6. e3 e6 7. Bxc4 Bb4 8. O-O
Nbd7 9. Bd2 O-O 10. Rc1 Qa5 11. Ne2 Nb6 12. Bxb4 Qxb4 13. b3 Nxc4 14. Rxc4 Qe7
15. Ne5 Rfd8 16. Ng3 Be4 17. Nxe4 Nxe4 18. f3 Nd6 19. Rc5 Nf5 20. Qe2 f6 21. Ng4
e5 22. Qc4+ Kh8 23. dxe5 fxe5 24. Nxe5 Rf8 25. Qc3 Rae8 26. e4 Nd6 27. Ng4 Rf4
28. Re5 Qf8 29. g3 Rxe5 30. gxf4 Re7 31. f5 h5 32. Ne5 Qf7 33. Ng6+ Kh7 34. Nxe7
Qxe7 35. Qc5 Qg5+ 36. Kh1 Qf4 37. f6 gxf6 38. Qxh5+ Kg7 39. Rg1+ Kf8 40. Qh8+
Ke7 41. Rg7+ Nf7 42. Qh5 Qc1+ 43. Kg2 Qc2+ 44. Kh3 Qxb3 45. Qc5+ Ke6 46. Qf5+
Ke7 47. e5 Qe6 48. exf6+ Qxf6 49. Qxf6+ Kxf6 50. Rg8 a6 51. Kg2 b5 52. axb5 axb5
53. Rb8 Nd6 54. h4 Kg6 55. Rb6 Kh5 56. Rxc6 Nf5 57. Rc5 Kg6 58. h5+ Kf6 59. Rxb5
Ng7 60. Kg3 Nf5+ 61. Rxf5+ Kxf5 62. Kh4 Kf6 63. Kg4 Kg7 64. Kg5 Kh7 65. f4 Kg7
66. f5 Kh7 67. Kf6 Kg8 68. Ke7 {Black resigns} 1-0

[Event "Team 45 45 League T85"]
[Site "Internet Chess Club"]
[Date "2020.08.08"]
[Round "6"]
[White "rkjulianjr"]
[Black "olivermx"]
[Result "0-1"]
[WhiteElo "1364"]
[BlackElo "1358"]
[Opening "QGA: 3.e4"]
[ECO "D20"]
[Time "11:11:26"]
[TimeControl "2700+45"]

1. d4 d5 2. c4 dxc4 3. e4 Nf6 4. Nc3 Bg4 5. Nf3 e6 6. Bxc4 c5 7. d5 exd5 8. e5
dxc4 9. Qxd8+ Kxd8 10. exf6 gxf6 11. Nd2 Be6 12. Nde4 Be7 13. Be3 Nd7 14. Rd1
Kc7 15. Bf4+ Kc6 16. O-O Rad8 17. Bd6 Bxd6 18. Rxd6+ Kc7 19. Nb5+ Kb8 20. Rfd1
a6 21. Nxc5 axb5 22. Nxd7+ Kc7 23. Nxf6 Rxd6 24. Rxd6 Kxd6 25. Ne4+ Kc6 26. Kf1
Rd8 27. Ke1 Bd5 28. Nf6 Bxg2 29. Nxh7 Rh8 30. Ng5 Bd5 31. Ke2 Rxh2 32. Ke3 f6
33. Nf3 Bxf3 34. Kxf3 Kd5 35. Ke3 Rh1 {White resigns} 0-1

[Event "Team 45 45 League T85"]
[Site "Internet Chess Club"]
[Date "2020.08.09"]
[Round "6"]
[White "Andaluz"]
[Black "CMAlge"]
[Result "0-1"]
[WhiteElo "1321"]
[BlackElo "1268"]
[Opening "Giuoco Piano: four knights variation"]
[ECO "C50"]
[Time "13:01:38"]
[TimeControl "2700+45"]

1. e4 e5 2. Nf3 Nc6 3. Bc4 Bc5 4. Nc3 Nf6 5. h3 d6 6. O-O O-O 7. Re1 a6 8. a4
Ba7 9. d3 b5 10. axb5 axb5 11. Nxb5 Bxf2+ 12. Kxf2 Rxa1 13. Na3 Qe7 14. Nd2 Na5
15. b4 Nxc4 16. dxc4 c6 17. Nb3 Qa7+ 18. c5 Rxa3 19. Bxa3 Qxa3 20. Qxd6 Qxb4 21.
Qxc6 Bb7 22. Qd6 Nxe4+ 23. Rxe4 Qxe4 24. Qd3 Qxg2+ 25. Ke1 e4 26. Qe3 Qxc2 27.
Na5 Rd8 28. Qe2 Qc3+ {White resigns} 0-1

[Event "Team 45 45 League T85"]
[Site "Internet Chess Club"]
[Date "2020.08.08"]
[Round "6"]
[White "seldredg"]
[Black "oldbookseller"]
[Result "1-0"]
[WhiteElo "1298"]
[BlackElo "941"]
[Opening "Queen's pawn, Mason variation"]
[ECO "D00"]
[Time "15:00:16"]
[TimeControl "2700+45"]

1. d4 d5 2. Bf4 e6 3. e3 Nf6 4. a3 Nbd7 5. Bd3 c6 6. c3 b5 7. h3 c5 8. Bxb5 a6
9. Bd3 Bb7 10. Nf3 Bc6 11. Ne5 Qc8 12. Nd2 Nb6 13. Rc1 Na4 14. Rb1 Nb6 15. Ndf3
c4 16. Bc2 Qb7 17. Ng5 O-O-O 18. Ngxf7 Bd6 19. Nxh8 Rxh8 20. a4 Qc7 21. b4 Nbd7
22. Nf7 Re8 23. Nxd6+ Kd8 24. Nxe8 {Black resigns} 1-0

[Event "Team 45 45 League T85"]
[Site "Internet Chess Club"]
[Date "2020.08.07"]
[Round "6"]
[White "filmdirector"]
[Black "cadmiumorange"]
[Result "1/2-1/2"]
[WhiteElo "1628"]
[BlackElo "1693"]
[Opening "Scandinavian defense"]
[ECO "B01"]
[Time "14:00:40"]
[TimeControl "2700+45"]

1. e4 d5 2. exd5 Nf6 3. d4 Bg4 4. Be2 Bxe2 5. Nxe2 Qxd5 6. O-O Nc6 7. c4 Qxc4 8.
Na3 Qd5 9. Be3 e6 10. Nf4 Qd7 11. Qb3 Bd6 12. Rfd1 O-O 13. d5 exd5 14. Nxd5 Nxd5
15. Rxd5 Qe6 16. Rad1 Nb4 17. Rb5 Qxb3 18. axb3 Rfd8 19. g3 b6 20. Rxd6 Rxd6 21.
Rxb4 Rad8 22. Rc4 c5 23. Kf1 a6 24. b4 cxb4 25. Rxb4 b5 26. Ke2 Rc6 27. Re4 Kf8
{Game drawn by mutual agreement} 1/2-1/2

[Event "Team 45 45 League T85"]
[Site "Internet Chess Club"]
[Date "2020.08.09"]
[Round "6"]
[White "BrianWood"]
[Black "Beetlejuice"]
[Result "1/2-1/2"]
[WhiteElo "1594"]
[BlackElo "1685"]
[Opening "Dutch defense"]
[ECO "A81"]
[Time "14:01:18"]
[TimeControl "2700+45"]

1. d4 f5 2. g3 Nf6 3. Bg2 g6 4. b3 Bg7 5. Bb2 d6 6. c4 O-O 7. Nf3 c6 8. O-O e5
9. dxe5 Ng4 10. Qd2 Nxe5 11. Nc3 Qe7 12. Rfd1 Nf7 13. Re1 Na6 14. e4 Qc7 15. Na4
Bxb2 16. Nxb2 fxe4 17. Rxe4 Bf5 18. Re3 Rad8 19. Rae1 d5 20. cxd5 {Game drawn by
mutual agreement} 1/2-1/2